PL
DETROIT RENAISSANCE @ OAKLAND OAKS
07/31/2027
 
TOP OF THE 1ST
Detroit Renaissance batting - Pitching for Oakland Oaks : RHP José García
Pitching: RHP José García
Batting: RHB Bernardo Herrera 0-0: Ball
1-0: Foul Ball, location: 2F
1-1: Ball
2-1: TRIPLE (Line Drive, 7LM)
Batting: LHB Greg Robinson 0-0: Ball
1-0: Ball
2-0: Foul Ball, location: 2F
2-1: Foul Ball, location: 2F
2-2: Ball
3-2: Base on Balls
Batting: LHB Juan González 0-0: Foul Ball, location: 2F
0-1: Ball
1-1: Foul Ball, location: 2F
1-2: Ball
2-2: Foul Ball, location: 2F
2-2: Foul Ball, location: 2F
2-2: Fly out, F8 (Flyball, 8RM)
Runner from 3rd tags up, SCORES, no throw
Batting: SHB Valentín Guzmán 0-0: Ball
1-0: Ground out U3 (Groundball, 3)
Greg Robinson to second
Batting: RHB Brent Ryan 0-0: Called Strike
0-1: Ball
1-1: Ball
2-1: Foul Ball, location: 2F
2-2: Foul Ball, location: 2F
2-2: Ground out 4-3 (Groundball, 4)
Top of the 1st over - 1 run(s), 1 hit(s), 0 error(s), 1 left on base; Detroit 1 - Oakland 0
BOTTOM OF THE 1ST
Oakland Oaks batting - Pitching for Detroit Renaissance : RHP Cris Mendoza
Pitching: RHP Cris Mendoza
Batting: LHB Jorge Vargas 0-0: Called Strike
0-1: Ball
1-1: Ball
2-1: Ground out 5-3 (Groundball, 56S)
Batting: LHB Todd Williams 0-0: Ball
1-0: Ball
2-0: SINGLE (Groundball, 6MD)
Batting: RHB Micah Coffey 0-0: Ball
1-0: Ball
Todd Williams is caught stealing 2nd base
2-0: DOUBLE (Line Drive, 89M)
Batting: LHB Todd Henry 0-0: Ball
1-0: Ball
2-0: SINGLE (Groundball, 4MD)
Micah Coffey to third
Runner from 3rd tries for Home, SAFE, no throw
Batting: SHB Luis Luquín 0-0: Called Strike
0-1: Ball
1-1: Swinging Strike
1-2: Foul Ball, location: 2F
1-2: Foul Ball, location: 2F
1-2: Ball
2-2: Fielders Choice at 2nd, 4-6 (Groundball, 4)
Bottom of the 1st over - 1 run(s), 3 hit(s), 0 error(s), 0 left on base; Detroit 1 - Oakland 1
TOP OF THE 2ND
Detroit Renaissance batting - Pitching for Oakland Oaks : RHP José García
Batting: LHB Yoichibei Sato 0-0: Ball
1-0: Bunt for hit - play at first, batter OUT! 1-3
Batting: LHB Ray Sears 0-0: Called Strike
0-1: Foul Ball, location: 2F
0-2: Ball
1-2: SINGLE (Groundball, 34D)
Batting: LHB Gustavo Cortéz 0-0: Ball
1-0: SINGLE (Groundball, 6MD)
Ray Sears to second
Batting: RHB Ed Whitaker 0-0: Ball
1-0: Reached on error, E5 (Groundball, 5)
Ray Sears to third
Gustavo Cortéz to second
Batting: RHB Bernardo Herrera 0-0: Ball
1-0: Ball
2-0: Called Strike
2-1: Called Strike
2-2: Strikes out swinging
Batting: LHB Greg Robinson 0-0: Ball
1-0: Ground out 5-3 (Groundball, 56S)
Top of the 2nd over - 0 run(s), 2 hit(s), 1 error(s), 3 left on base; Detroit 1 - Oakland 1
BOTTOM OF THE 2ND
Oakland Oaks batting - Pitching for Detroit Renaissance : RHP Cris Mendoza
Batting: LHB Bryce Reilly 0-0: Called Strike
0-1: Ball
1-1: Ball
2-1: Ball
3-1: SINGLE (Line Drive, 6MD)
Batting: SHB Orlando Villa 0-0: Ball
1-0: Ball
2-0: Ball
3-0: Base on Balls
Bryce Reilly to second
Batting: LHB David Holbrook 0-0: Called Strike
0-1: Fielders Choice at 2nd, 4-6 (Groundball, 4)
Bryce Reilly to third
Batting: LHB Edwin Church 0-0: Called Strike
David Holbrook steals 2nd base
0-1: Ball
1-1: Ball
2-1: Foul Ball, location: 2F
2-2: Foul Ball, location: 2F
2-2: Foul Ball, location: 2F
2-2: Fly out, F3 (Line Drive, 3)
Batting: LHB Jorge Vargas 0-0: Called Strike
0-1: Called Strike
0-2: Ball
1-2: Foul Ball, location: 2F
1-2: Ball
2-2: Ball
3-2: Strikes out looking
Bottom of the 2nd over - 0 run(s), 1 hit(s), 0 error(s), 2 left on base; Detroit 1 - Oakland 1
TOP OF THE 3RD
Detroit Renaissance batting - Pitching for Oakland Oaks : RHP José García
Batting: LHB Juan González 0-0: Fly out, F9 (Flyball, 9S)
Batting: SHB Valentín Guzmán 0-0: Swinging Strike
0-1: Ball
1-1: Foul Ball, location: 2F
1-2: Fly out, F8 (Flyball, 78D)
Batting: RHB Brent Ryan 0-0: Ball
1-0: Ground out 6-3 (Groundball, 6)
Top of the 3rd over - 0 run(s), 0 hit(s), 0 error(s), 0 left on base; Detroit 1 - Oakland 1
BOTTOM OF THE 3RD
Oakland Oaks batting - Pitching for Detroit Renaissance : RHP Cris Mendoza
Batting: LHB Todd Williams 0-0: Ball
1-0: Fly out, F9 (Flyball, 9S)
Batting: RHB Micah Coffey 0-0: Swinging Strike
0-1: Fly out, F9 (Flyball, 9LS)
Batting: LHB Todd Henry 0-0: Ball
1-0: Ball
2-0: Fly out, F7 (Flyball, 7)
Bottom of the 3rd over - 0 run(s), 0 hit(s), 0 error(s), 0 left on base; Detroit 1 - Oakland 1
TOP OF THE 4TH
Detroit Renaissance batting - Pitching for Oakland Oaks : RHP José García
Batting: LHB Yoichibei Sato 0-0: Called Strike
0-1: Ball
1-1: Ground out 1-3 (Groundball, P)
Batting: LHB Ray Sears 0-0: Foul Ball, location: 2F
0-1: Ball
1-1: SINGLE (Line Drive, 89S)
Batting: LHB Gustavo Cortéz 0-0: Fly out, F7 (Flyball, 7LMF)
Batting: RHB Ed Whitaker 0-0: Called Strike
0-1: Swinging Strike
0-2: Foul Ball, location: 2F
0-2: Strikes out swinging
Top of the 4th over - 0 run(s), 1 hit(s), 0 error(s), 1 left on base; Detroit 1 - Oakland 1
BOTTOM OF THE 4TH
Oakland Oaks batting - Pitching for Detroit Renaissance : RHP Cris Mendoza
Batting: SHB Luis Luquín 0-0: Ball
1-0: Ball
2-0: Called Strike
2-1: SINGLE (Groundball, 6MD)
Batting: LHB Bryce Reilly 0-0: Called Strike
0-1: Ball
1-1: Foul Ball, location: 2F
1-2: Ball
2-2: Ball
3-2: Foul Ball, location: 2F
3-2: Base on Balls
Luis Luquín to second
Batting: SHB Orlando Villa 0-0: Ball
1-0: Called Strike
1-1: Grounds into double play, 6-4-3 (Groundball, 6M)
Luis Luquín to third
Batting: LHB David Holbrook 0-0: Ball
1-0: Swinging Strike
1-1: Foul Ball, location: 2F
1-2: Strikes out looking
Bottom of the 4th over - 0 run(s), 1 hit(s), 0 error(s), 1 left on base; Detroit 1 - Oakland 1
TOP OF THE 5TH
Detroit Renaissance batting - Pitching for Oakland Oaks : RHP José García
Batting: RHB Bernardo Herrera 0-0: Called Strike
0-1: Ball
1-1: Ball
2-1: Called Strike
2-2: Ball
3-2: Fly out, F5 (Flyball, 5D)
Batting: LHB Greg Robinson 0-0: Ball
1-0: Called Strike
1-1: Foul Ball, location: 2F
1-2: Ball
2-2: Ball
3-2: SINGLE (Line Drive, 34D)
Batting: LHB Juan González 0-0: Ball
1-0: 2-RUN HOME RUN (Flyball, 89XD), Distance : 402 ft
Batting: SHB Valentín Guzmán 0-0: Ground out U3 (Groundball, 34)
Batting: RHB Brent Ryan 0-0: Called Strike
0-1: Ground out 6-3 (Groundball, 56)
Top of the 5th over - 2 run(s), 2 hit(s), 0 error(s), 0 left on base; Detroit 3 - Oakland 1
BOTTOM OF THE 5TH
Oakland Oaks batting - Pitching for Detroit Renaissance : RHP Cris Mendoza
Batting: LHB Edwin Church 0-0: Ball
1-0: Fly out, F8 (Flyball, 8RXD)
Batting: LHB Jorge Vargas 0-0: Fly out, F7 (Line Drive, 78D)
Batting: LHB Todd Williams 0-0: Ball
1-0: Ball
2-0: Foul Ball, location: 2F
2-1: Foul Ball, location: 2F
2-2: Foul Ball, location: 2F
2-2: Ground out 1-3 (Groundball, 15S)
Bottom of the 5th over - 0 run(s), 0 hit(s), 0 error(s), 0 left on base; Detroit 3 - Oakland 1
TOP OF THE 6TH
Detroit Renaissance batting - Pitching for Oakland Oaks : RHP José García
Batting: LHB Yoichibei Sato 0-0: Called Strike
0-1: Called Strike
0-2: Foul Ball, location: 2F
0-2: Strikes out looking
Batting: LHB Ray Sears 0-0: Called Strike
0-1: Ball
1-1: Swinging Strike
1-2: Strikes out swinging
Batting: LHB Gustavo Cortéz 0-0: Called Strike
0-1: Ball
1-1: Ball
2-1: SINGLE (Flyball, 7S)
Batting: RHB Ed Whitaker 0-0: Ball
1-0: Foul Ball, location: 2F
1-1: Swinging Strike
1-2: Ball
2-2: Strikes out looking
Top of the 6th over - 0 run(s), 1 hit(s), 0 error(s), 1 left on base; Detroit 3 - Oakland 1
BOTTOM OF THE 6TH
Oakland Oaks batting - Pitching for Detroit Renaissance : RHP Cris Mendoza
Batting: RHB Micah Coffey 0-0: Foul Ball, location: 2F
0-1: Ball
1-1: Fly out, F2 (Popup, 23)
Batting: LHB Todd Henry 0-0: Fly out, F9 (Flyball, 9LS)
Batting: SHB Luis Luquín 0-0: SINGLE (Groundball, 4MD)
Batting: LHB Bryce Reilly 0-0: Ball
Luis Luquín steals 2nd base
1-0: Called Strike
1-1: Called Strike
1-2: Ball
2-2: Strikes out swinging
Bottom of the 6th over - 0 run(s), 1 hit(s), 0 error(s), 1 left on base; Detroit 3 - Oakland 1
TOP OF THE 7TH
Detroit Renaissance batting - Pitching for Oakland Oaks : RHP José García
Batting: RHB Bernardo Herrera 0-0: Ball
1-0: Fly out, F8 (Flyball, 8LM)
Batting: LHB Greg Robinson 0-0: Swinging Strike
0-1: Ball
1-1: SINGLE (Groundball, 34D)
Batting: LHB Juan González 0-0: Ball
Greg Robinson is caught stealing 2nd base
1-0: Foul Ball, location: 2F
1-1: Swinging Strike
1-2: Foul Ball, location: 2F
1-2: Strikes out swinging
Top of the 7th over - 0 run(s), 1 hit(s), 0 error(s), 0 left on base; Detroit 3 - Oakland 1
BOTTOM OF THE 7TH
Oakland Oaks batting - Pitching for Detroit Renaissance : RHP Cris Mendoza
Batting: SHB Orlando Villa 0-0: Ball
1-0: Ball
2-0: Ball
3-0: Base on Balls
Batting: LHB David Holbrook 0-0: Called Strike
Orlando Villa is caught stealing 2nd base
0-1: Ball
1-1: Foul Ball, location: 2F
1-2: Ball
2-2: Strikes out swinging
Batting: LHB Edwin Church 0-0: Ball
1-0: Called Strike
1-1: Swinging Strike
1-2: Foul Ball, location: 2F
1-2: Strikes out swinging
Bottom of the 7th over - 0 run(s), 0 hit(s), 0 error(s), 0 left on base; Detroit 3 - Oakland 1
TOP OF THE 8TH
Detroit Renaissance batting - Pitching for Oakland Oaks : RHP José García
Pitching: LHP Gerardo García
Batting: SHB Valentín Guzmán 0-0: Ball
1-0: Ball
2-0: Ball
3-0: Base on Balls
Batting: RHB Brent Ryan 0-0: Foul Ball, location: 2F
0-1: Called Strike
0-2: Ball
1-2: Ball
Valentín Guzmán steals 2nd base
2-2: SINGLE (Line Drive, 8RS)
Valentín Guzmán to third
Runner from 3rd tries for Home, throw and OUT!
Brent Ryan to second
Batting: LHB Yoichibei Sato 0-0: Fly out, F7 (Flyball, 7LMF)
Batting: LHB Ray Sears 0-0: Ground out 5-3 (Groundball, 56)
Top of the 8th over - 0 run(s), 1 hit(s), 0 error(s), 1 left on base; Detroit 3 - Oakland 1
BOTTOM OF THE 8TH
Oakland Oaks batting - Pitching for Detroit Renaissance : RHP Cris Mendoza
Batting: LHB Jorge Vargas 0-0: Ground out 4-3 (Groundball, 4)
Batting: LHB Todd Williams 0-0: Ball
1-0: Called Strike
1-1: Ball
2-1: Ball
3-1: Base on Balls
Batting: RHB Micah Coffey 0-0: Swinging Strike
0-1: Called Strike
0-2: Ball
1-2: Strikes out swinging
Pitching: LHP Rubén Rodríguez
Batting: LHB Todd Henry 0-0: Ball
1-0: Called Strike
1-1: Fielders Choice at 2nd, 4-6 (Groundball, 34)
Bottom of the 8th over - 0 run(s), 0 hit(s), 0 error(s), 0 left on base; Detroit 3 - Oakland 1
TOP OF THE 9TH
Detroit Renaissance batting - Pitching for Oakland Oaks : LHP Gerardo García
Batting: LHB Gustavo Cortéz 0-0: Ball
1-0: Ball
2-0: Called Strike
2-1: Ball
3-1: Foul Ball, location: 2F
3-2: SINGLE (Flyball, 7S)
Batting: RHB Ed Whitaker 0-0: Called Strike
0-1: Ball
1-1: Foul Ball, location: 2F
1-2: Ball
2-2: Strikes out looking
Batting: RHB Bernardo Herrera 0-0: Called Strike
0-1: Swinging Strike
0-2: Ball
1-2: Strikes out swinging
Batting: LHB Greg Robinson 0-0: Ball
1-0: Called Strike
1-1: Called Strike
1-2: Ball
2-2: Ball
3-2: Foul Ball, location: 2F
3-2: Strikes out looking
Top of the 9th over - 0 run(s), 1 hit(s), 0 error(s), 1 left on base; Detroit 3 - Oakland 1
BOTTOM OF THE 9TH
Oakland Oaks batting - Pitching for Detroit Renaissance : LHP Rubén Rodríguez
Pitching: RHP Jack Carr
Batting: SHB Luis Luquín 0-0: Foul Ball, location: 2F
0-1: Ball
1-1: Called Strike
1-2: Ball
2-2: Foul Ball, location: 2F
2-2: Strikes out swinging
Batting: LHB Bryce Reilly 0-0: Called Strike
0-1: Called Strike
0-2: Ball
1-2: Ball
2-2: Foul Ball, location: 2F
2-2: Ball
3-2: Ground out 3-1 (Groundball, 34)
Batting: SHB Orlando Villa 0-0: Called Strike
0-1: Swinging Strike
0-2: Foul Ball, location: 2F
0-2: Hit by Pitch
Batting: LHB David Holbrook 0-0: Foul Ball, location: 2F
0-1: Foul Ball, location: 2F
0-2: Ball
1-2: Foul Ball, location: 2F
1-2: Fly out, F8 (Line Drive, 8LM)
Bottom of the 9th over - 0 run(s), 0 hit(s), 0 error(s), 1 left on base; Detroit 3 - Oakland 1
Saturday, May 26th, 2018 - OOTP Baseball 17.12 Build 75